 Dungeon Crawl Stone Soup version 0.18-a0-641-g4caf58e (webtiles) character file.

396 GeneralIdiocy the Covert (level 6, -1/39 HPs)
             Began as an Octopode Assassin on Dec 5, 2015.
             Killed by divine providence
             ... invoked by an orc priest
              (10 damage)
             ... on level 5 of the Dungeon.
             The game lasted 00:05:22 (3409 turns).

GeneralIdiocy the Covert (Octopode Assassin)        Turns: 3409, Time: 00:05:22

Health: -1/39      AC:  1    Str: 10    XL:     6   Next: 82%
Magic:  6/6        EV: 11    Int: 14    God:
Gold:   152        SH:  3    Dex: 15    Spells: 0 memorised, 5 levels left

rFire  . . .     SeeInvis .     a - +4 dagger (freeze)
rCold  . . .     Clarity  .     n - +0 buckler
rNeg   . . .     SustAt   +     (helmet restricted)
rPois  .         Gourm    .     q - amulet of rage
rElec  .         Spirit   .     r - ring of sustain attributes
rCorr  .         Dismiss  .     t - ring of flight
rMut   .         Stasis   .     (no ring)
MR     .....                    (no ring)
Stlth  ++++++....               (no ring)
                                (no ring)
                                (no ring)
                                (no ring)

@: not resistant to hostile enchantments, very stealthy
A: almost no armour, amphibious, 8 rings, constrict 8, camouflage 1, gelatinous
body 1
a: Evoke Berserk Rage, Evoke Flight


You were on level 5 of the Dungeon.
You were hungry.

You visited 1 branch of the dungeon, and saw 5 of its levels.

You collected 152 gold pieces.

Inventory:

Hand Weapons
 a - a +4 dagger of freezing (weapon)
 b - a +0 blowgun
Missiles
 c - 8 poisoned needles
 d - 2 curare-tipped needles
 i - a throwing net (quivered)
 u - 3 silver tomahawks
Armour
 n - a +0 buckler (worn)
Jewellery
 q - an amulet of rage (around mantle)
 r - a ring of sustain attributes (left tentacle)
 t - a ring of flight (right tentacle)
Wands
 A - a wand of random effects (1)
Scrolls
 m - 2 scrolls of remove curse
Potions
 f - a potion of cancellation {unknown}
 g - 2 potions of haste
 k - 2 potions of brilliance {unknown}
 l - 2 potions of heal wounds {unknown}
 o - a potion of lignification {unknown}
 p - 3 potions of might {unknown}
 v - 2 potions of poison {unknown}
 x - a potion of agility {unknown}
 z - a potion of invisibility {unknown}
Books
 y - a book of Fire

   Spells                             Type                      Level
   a - Ignite Poison                  Fire/Transmutation/Poison    3
   b - Fireball                       Conjuration/Fire             5
   c - Bolt of Fire                   Conjuration/Fire             6
   d - Delayed Fireball               Conjuration/Fire             7
   e - Ring of Flames                 Charms/Fire                  7
Comestibles
 e - 3 bread rations
 h - 5 fruits
 j - 2 meat rations
 s - a royal jelly
 w - a beef jerky


   Skills:
 - Level 2.0 Fighting
 + Level 5.1 Short Blades
 - Level 2.0 Throwing
 - Level 1.0 Dodging
 + Level 8.7 Stealth


You had 5 spell levels left.
You didn't know any spells.

Dungeon Overview and Level Annotations

Branches:
Dungeon (5/15)
 Temple: D:4-7

Altars:
Cheibriados
Elyvilon
Fedhas
Kikubaaqudgha
Okawaru
Qazlal
Yredelemnul
Zin
The Shining One

Annotations:
D:4 zercules's ghost, amateur MiWr


Innate Abilities, Weirdness & Mutations

You cannot wear most types of armour.
You are amphibious.
You can wear up to eight rings at the same time.
You can use your tentacles to constrict eight enemies at once.
Your skin changes colour to match your surroundings (Stealth).
Your rubbery body absorbs attacks (AC +1).


Message History

The orc priest mumbles some strange prayers to Beogh against you.
Something smites you!
An orc wizard comes into view. It is wielding a dagger.
Evoke which item? (* to show all) (? for menu, Esc to quit)
Zapping:
A - a wand of random effects {zapped: 3} (will waste charges)
Press: ? - help, Shift-Dir - straight line, f - ice beast
Aim: an ice beast The ice beast struggles to resist.
Evoking this partially-identified wand wasted a few charges.
You hear a shout! x2
An orc priest comes into view. It is wielding a club.
Read which item? (? for menu, Esc to quit)
Okay, then.
The orc priest mumbles some strange prayers to Beogh against you.
Something smites you!
* * * LOW HITPOINT WARNING * * *
A worker ant comes into view.
The orc priest invokes the aid of Beogh against you.
Something smites you!
You die...

##.h... o.....Y..
. o##.....
#.#..o.####
.#........
#...#...#.
#########...#.....
#.Y..o.o†o..#.#.#.
#@#######...#.....
#...........#.....
#...######........
#.................
.......####.######
....##.# #.......
....# .# ########
....a# #


You could see an ice beast, a worker ant (sleeping) and 2 orc priests.

Vanquished Creatures
  An ogre (D:5)
  A water moccasin skeleton (D:4)
  A hound (D:4)
  A jelly (D:5)
  2 orc priests
  Jessica (D:3)
  A gnoll (D:1)
  4 adders
  A shadow imp (D:5)
  3 worms
  3 giant geckos
  5 orcs
  6 bats
  3 giant cockroaches
  6 goblins
  11 hobgoblins
  A jackal (D:5)
  2 kobolds (D:2)
  A quokka (D:5)
  7 giant newts
  6 rats
67 creatures vanquished.

Notes
Turn   | Place    | Note
--------------------------------------------------------------
     0 | D:1      | GeneralIdiocy the Octopode Assassin began the quest for the Orb.
     0 | D:1      | Reached XP level 1. HP: 14/14 MP: 1/1
   270 | D:1      | Reached XP level 2. HP: 19/19 MP: 2/2
   587 | D:1      | Reached skill level 6 in Stealth
   587 | D:1      | Reached XP level 3. HP: 24/24 MP: 3/3
   786 | D:2      | Found a basalt altar of Yredelemnul.
   789 | D:2      | Found a stormy altar of Qazlal.
   793 | D:2      | Found an iron altar of Okawaru.
   824 | D:2      | Found an ancient bone altar of Kikubaaqudgha.
  1168 | D:2      | Reached XP level 4. HP: 15/29 MP: 4/4
  1720 | D:3      | Found a blossoming altar of Fedhas.
  1801 | D:3      | Found a faded altar to an unknown god.
  1897 | D:3      | Noticed Jessica
  1905 | D:3      | Killed Jessica
  1905 | D:3      | Reached skill level 7 in Stealth
  1905 | D:3      | Reached XP level 5. HP: 19/34 MP: 5/5
  2048 | D:3      | Found a glowing golden altar of the Shining One.
  2050 | D:3      | Found a white marble altar of Elyvilon.
  2052 | D:3      | Found a glowing silver altar of Zin.
  2386 | D:4      | You fall through a shaft!
  2386 | D:5      | Entered Level 5 of the Dungeon
  2548 | D:4      | Noticed zercules's ghost (amateur MiWr)
  2551 | D:4      | Reached XP level 6. HP: 34/39 MP: 6/6
  2722 | D:5      | Found a snail-covered altar of Cheibriados.
  2809 | D:5      | Reached skill level 8 in Stealth
  2859 | D:5      | Reached skill level 5 in Short Blades
  3409 | D:5      | Killed from afar by an orc priest

Vault maps used:
D:1:      saegor_arrival_simple_e
D:2:      nicolae_overflow_crystal_walls, grunt_temple_overflow_diamond
D:3:      good_gods_mini_temple, old_standard_altar, ecumenical_altar_1,
          serial_bayou_pond_d, uniq_jessica
D:4:      first_bread
D:5:      slow_altar_1, lemuel_round_altar, serial_bayou_lagoon_a,
          hangedman_decor_lopped

Action                   |  1- 3 |  4- 6 || total
-------------------------+-------+-------++-------
Melee: Dagger            |    63 |    54 ||   117
 Fire: Blowgun           |       |     3 ||     3
Throw: Throwing net      |     1 |     2 ||     3
Evoke: Wand              |       |     2 ||     2
  Use: Scroll            |       |     8 ||     8
 Stab: Sleeping          |    13 |    15 ||    28
       Distracted        |       |     1 ||     1
  Eat: Chunk             |     1 |     6 ||     7
